AoeStats
← Duke270894

Arabia

510361237Analyzed
1v1 RM · 2d ago on Sep 30, 2026· 38m 4s· 2 players
Game mode
Random Map
Map size
Tiny (2 player)
Population
200
Speed
Normal
Resources
Standard
Victory
Conquest
Starting age
Dark Age
Ending age
Imperial Age
RankedLock teamsTeams togetherTeam positionsShared explorationLock speedFull tech treeHidden civsTurbo modeCheats
Victory
Defeat
🇦🇷 Sicilians · Argentina
702
+14
🇦🇷 Koreans · Argentina
662
-14
RonDamon
8:10 Loom
10:27 Feudal Age
11:13 Double-Bit Axe
12:35 Horse Collar
13:03 Man-at-Arms
17:33 Fletching
19:07 Forging
18:59 Scale Mail Armor
22:35 Arson
28:19 Castle Age
29:17 Bodkin Arrow
28:53 Elite Skirmisher
31:40 Long Swordsman
33:16 Thumb Ring
Duke270894
11:12 Feudal Age
11:49 Stone Mining
11:47 Double-Bit Axe
12:52 Horse Collar
19:45 Fletching
22:04 Wheelbarrow
21:57 Gold Mining
26:04 Castle Age
24:07 Man-at-Arms
26:15 Crossbowman
27:24 Bodkin Arrow
27:32 Scale Mail Armor
30:29 Stone Shaft Mining
30:00 Heavy Plow
36:14 Forging
36:11 Scale Barding Armor
36:53 Bloodlines
37:03 Hand Cart
Connection lost

Rejoining the realm…

Still unreachable

The connection could not be restored.

Session expired

The server has moved on; the page needs a fresh start.